 Dungeon Crawl Stone Soup version 0.32-a0-876-gcfddb08e57 (webtiles) character file.

Game seed: 17891272246942222376

3738 porpoise the Skirmisher (level 9, -6/74 HPs)
             Began as a Minotaur Hunter on Apr 1, 2024.
             Was a Follower of Hepliaklqana.
             Mangled by a komodo dragon (18 damage)
             ... on level 8 of the Dungeon.
             The game lasted 00:21:49 (8323 turns).

porpoise the Skirmisher (Minotaur Hunter)           Turns: 8323, Time: 00:21:50

Health: -6/74      AC:  8    Str: 17    XL:     9   Next: 93%
Magic:  10/10      EV: 11    Int:  6    God:    Hepliaklqana [*.....]
Gold:   430        SH:  0    Dex: 17    Spells: 8/8 levels left

rFire   . . .        a - +1 shortbow
rCold   . . .        (shield currently unavailable)
rNeg    . . .        v - +0 steam dragon scales
rPois   .            (helmet restricted)
rElec   .            h - +0 cloak
rCorr   .            (no gloves)
SInv    .            i - +0 pair of boots
Will    .....        (no amulet)
Stlth   ++           (no ring)
HPRegen 0.32/turn    (no ring)
MPRegen 0.12/turn

%: no passive effects
@: no status effects
A: reduced essence, horns 2, retaliatory headbutt
a: Renounce Religion, Recall Ancestor, Ancestor Identity


You were on level 8 of the Dungeon.
You worshipped Hepliaklqana.
Hepliaklqana was aware of your devotion.
You visited 2 branches of the dungeon, and saw 9 of its levels.

You collected 430 gold pieces.

Inventory:

Hand Weapons
 a - a +1 shortbow (weapon)
 b - a +1 dagger of venom
Missiles
 d - 19 poisoned darts
 e - 2 atropa-tipped darts
 G - 3 boomerangs
Armour
 h - a +0 cloak (worn)
 i - a +0 pair of boots (worn)
 v - +0 steam dragon scales (worn)
 z - the +2 robe of Qirixux {+Blink}
   (You found it on level 6 of the Dungeon)

   +Blink:    It lets you blink.
Jewellery
 f - a ring of flight
Wands
 g - a wand of flame (25)
 w - a wand of paralysis (6)
 x - a wand of polymorph (3)
 F - a wand of quicksilver (9)
 I - a wand of warping (9)
Scrolls
 k - a scroll of immolation
 q - a scroll of enchant weapon
 t - a scroll of vulnerability
 u - a scroll of revelation
 y - a scroll of poison {unknown}
 A - a scroll of amnesia
 C - a scroll of fear {unknown}
 D - a scroll of enchant armour {unknown}
 H - a scroll of butterflies
Potions
 c - 3 potions of might
 j - a potion of mutation
 l - 2 potions of curing
 m - a potion of enlightenment
 n - 2 potions of magic
 o - 2 potions of resistance
 p - 2 potions of haste
 r - a potion of berserk rage
 s - a potion of attraction
Miscellaneous
 E - a lightning rod (4/4)


   Skills:
 - Level 9.0 Fighting
 * Level 13.0 Ranged Weapons
 + Level 3.8 Armour
 - Level 2.1 Dodging
 - Level 0.7 Stealth
 + Level 3.2 Invocations


You had 8 spell levels left.
You didn't know any spells.
Your spell library contained the following spells:

 Spells                   Type           Power      Damage    Failure   Level
 Sandblast                Erth           0%         2d4       45%         1
 Lesser Beckoning         Tloc           0%         N/A       58%         2
 Stone Arrow              Conj/Erth      0%         3d7       83%         3
 Teleport Other           Tloc           0%         N/A       83%         3
 Animate Armour           Summ/Erth      0%         N/A       99%         4
 Brom's Barrelling Bould  Conj/Erth      0%         2d3       99%         4
 Maxwell's Portable Pile  Tloc           0%         2d(5-10)  99%         4
 Summon Lightning Spire   Summ/Air       0%         N/A       99%         4
 Vhi's Electric Charge    Tloc/Air       0%         N/A       99%         4
 Arcjolt                  Conj/Air       0%         1d10      100%        5
 Iskenderun's Battlesphe  Conj           0%         2d6       100%        5
 Lee's Rapid Deconstruct  Erth           0%         3d4*      100%        5
 Bombard                  Conj/Erth      0%         9d1       100%        6
 Plasma Beam              Fire/Air       0%         2x1d10    100%        6
 Spellforged Servitor     Conj/Summ      0%         N/A       100%        7


Dungeon Overview and Level Annotations

Branches:
Dungeon (8/15)             Temple (1/1) D:7            Lair (0/5) D:8

Altars:
Ashenzari
Cheibriados
Dithmenos
Gozag
Hepliaklqana
Kikubaaqudgha
Nemelex Xobeh
Qazlal
Ru
Sif Muna
Trog
Uskayaw
Vehumet
Wu Jian
Xom
Yredelemnul
The Shining One

Annotations:
D:3 2 runed translucent doors, xianbchi's ghost, amateur KoHu
D:8 4 transporters


Innate Abilities, Weirdness & Mutations

Your life essence is reduced to manifest your ancestor. (-10% HP)
You have a pair of horns on your head.
You reflexively headbutt those who attack you in melee.


Message History

You headbutt the komodo dragon. You shoot an arrow.
The arrow hits the komodo dragon.
The komodo dragon is moderately wounded.
You shoot an arrow.
The arrow hits the komodo dragon but does no damage.
The komodo dragon is moderately wounded.
The komodo dragon bites you.
You shoot an arrow. The arrow hits the komodo dragon.
The komodo dragon is heavily wounded.
The komodo dragon bites you!!
You shoot an arrow.
The arrow barely misses the komodo dragon.
You shoot an arrow. The arrow hits the komodo dragon!
The komodo dragon is severely wounded.
The komodo dragon bites you!
You shoot an arrow. The arrow hits the komodo dragon.
The komodo dragon is severely wounded.
The komodo dragon barely misses you.
You shoot an arrow.
The arrow completely misses the komodo dragon.
The komodo dragon bites you.
You shoot an arrow.
The arrow barely misses the komodo dragon.
You shoot an arrow.
The arrow hits the komodo dragon but does no damage.
The komodo dragon is severely wounded.
The komodo dragon bites you!!
* * * LOW HITPOINT WARNING * * *
You feel much better.
The komodo dragon bites you but does no damage.
You shoot an arrow. The arrow hits the komodo dragon.
The komodo dragon is almost dead.
The komodo dragon hisses menacingly.
The komodo dragon bites you!!
* * * LOW HITPOINT WARNING * * *
You shoot an arrow. The arrow hits the komodo dragon.
The komodo dragon is almost dead.
The komodo dragon bites you!!
You die...
Hepliaklqana delivers you to your ancestors.

..#.##.......#.......##.....[..#.
..#.##........##+#+###########.#.
..#†##........##.#.######### #.#.
###†##........>............# #.#.
###..........#......######.###.#.
......######....P.P(..#........#.
..(....# ##..P...P..P............
.......# #....P...P.P...##.#####.
..#....###...P..@.......##.# #.
..#....=.+.....#l##...P.##.# #.
..#...#.#..P...#.)#..P..##.# #.
..+...+........#.>#......#.# #.
..#...#.##.P...####..P.....# #.
......#.##..P.P.....P...##.#####.
......#.##...P...................
+.....#.##......P.P......#.######
+.....+..#.....P......#..#.#


You could see a komodo dragon.

Vanquished Creatures
  An elephant (D:8)
  Maggie (D:6)
  2 raiju (D:7)
  Grinder (D:5)
  2 steam dragons
  An acid dragon (D:8)
  A water moccasin (D:7)
  3 black bears
  An orc warrior (D:7)
  A sky beast (D:7)
  A centaur (D:6)
  A kobold brigand (D:7)
  3 scorpions
  2 bullfrogs
  4 howler monkeys
  2 electric eels (D:7)
  2 hounds
  4 jellies
  4 orc priests
  3 bombardier beetles
  3 iguanas
  5 orc wizards
  11 adders
  4 gnolls (D:5)
  2 shadow imps
  3 white imps
  6 ufetubi
  2 ribbon worms
  6 dart slugs
  17 orcs
  6 endoplasms
  2 giant cockroaches
  3 goblins
  6 hobgoblins
  A quokka (D:3)
  9 bats
  2 frilled lizards (D:1)
  10 kobolds
  5 rats
143 creatures vanquished.

Vanquished Creatures (collateral kills)
  A quasit (D:8)
  A shadow imp (D:8)
2 creatures vanquished.

Vanquished Creatures (others)
  An ancestor (D:8)
1 creature vanquished.

Grand Total: 146 creatures vanquished

Notes
Turn   | Place    | Note
-------+----------+-------------------------------------------
     0 | D:1      | porpoise the Minotaur Hunter began the quest for the Orb.
     0 | D:1      | Reached XP level 1. HP: 18/18 MP: 0/0
   498 | D:1      | Reached XP level 2. HP: 25/25 MP: 1/1
  1221 | D:2      | Reached skill level 5 in Ranged Weapons
  1377 | D:2      | Reached XP level 3. HP: 31/31 MP: 2/2
  1414 | D:2      | Found a sparkling altar of Nemelex Xobeh.
  2152 | D:3      | Reached XP level 4. HP: 39/39 MP: 3/3
  2197 | D:3      | Found a faded altar of an unknown god.
  2292 | D:3      | Found a runed translucent door.
  2294 | D:3      | Noticed xianbchi's ghost (amateur KoHu)
  2407 | D:3      | Reached skill level 6 in Ranged Weapons
  2742 | D:3      | Found a runed translucent door.
  3139 | D:4      | Noticed a scorpion
  3149 | D:4      | Killed a scorpion
  3150 | D:4      | Reached XP level 5. HP: 20/47 MP: 4/4
  3761 | D:4      | Reached skill level 7 in Ranged Weapons
  3761 | D:4      | Reached XP level 6. HP: 55/55 MP: 5/5
  3844 | D:5      | Entered Level 5 of the Dungeon
  3924 | D:5      | Reached skill level 5 in Fighting
  4543 | D:5      | Found a glowing golden altar of the Shining One.
  4704 | D:5      | Found a broken altar of Ashenzari.
  4726 | D:5      | Reached skill level 8 in Ranged Weapons
  4726 | D:5      | Reached XP level 7. HP: 53/62 MP: 6/6
  5029 | D:6      | Noticed Grinder
  5053 | D:5      | Killed Grinder
  5114 | D:6      | Found a sparkling altar of Nemelex Xobeh.
  5114 | D:6      | Found an ancient bone altar of Kikubaaqudgha.
  5122 | D:6      | Found an ornate altar of the Wu Jian Council.
  5167 | D:6      | Found a basalt altar of Yredelemnul.
  5169 | D:6      | Found a shadowy altar of Dithmenos.
  5229 | D:6      | Reached skill level 9 in Ranged Weapons
  5233 | D:6      | Noticed Maggie
  5251 | D:6      | Killed Maggie
  5252 | D:6      | Reached XP level 8. HP: 39/73 MP: 7/7
  5743 | D:6      | Identified the +2 robe of Qirixux {+Blink}
  5790 | D:6      | Reached skill level 10 in Ranged Weapons
  5799 | D:6      | Found a snail-covered altar of Cheibriados.
  6361 | D:7      | Found a staircase to the Ecumenical Temple.
  6374 | Temple   | Entered the Ecumenical Temple
  6392 | Temple   | Became a worshipper of Hepliaklqana the Forgotten
  6437 | D:7      | Noticed a raiju
  6463 | D:7      | HP: 1/74 [raiju (8)]
  6466 | D:7      | Killed a raiju
  6467 | D:7      | Reached skill level 11 in Ranged Weapons
  6697 | D:7      | Reached XP level 9. HP: 65/82 MP: 8/8
  7343 | D:7      | Reached skill level 12 in Ranged Weapons
  7365 | D:7      | Reached skill level 1 in Armour
  7365 | D:7      | Reached skill level 1 in Invocations
  7523 | D:7      | Found a hide-covered altar of Uskayaw.
  7754 | D:8      | Noticed an elephant
  7783 | D:8      | Killed an elephant
  7947 | D:8      | Found a transporter.
  7947 | D:8      | Found a transporter.
  7988 | D:8      | Reached skill level 13 in Ranged Weapons
  8015 | D:8      | Reached * piety under Hepliaklqana
  8024 | D:8      | Found a transporter.
  8039 | D:8      | Found a transporter.
  8302 | D:8      | Found a staircase to the Lair.
  8302 | D:8      | Noticed a komodo dragon
  8323 | D:8      | Mangled by a komodo dragon

Illustrated notes

Levels and vault maps discovered:
D:1:      saegor_arrival_simple_b, layout_basic, kennysheep_boxes
D:2:      layout_loops_ring, basic_altar
D:3:      layout_basic, shapermc_ecumenical_altar_gd, ebering_ghost_sewer_f,
          st_stairs_6
D:4:      layout_basic, nicolae_concentric_dashed_squares_mild,
          nicolae_underground_beach
D:5:      layout_gridville, ashenzari_conservatory_becter, marbit_many_paths
D:6:      layout_rooms, lemuel_crystal_altar,
          chequers_temple_overflow_minitemple, dk_vineyard_3,
          kennysheep_generic_room_12, uniq_grinder, uniq_maggie
D:7:      layout_cave_pools, mainiacjoe_overflow_alcove_2,
          minmay_temple_entry_statues, nicolae_have_a_lightning_rod
D:8:      nzn_winding_woodlands_small [nzn_winding_woodlands_5x15_longhouse,
          nzn_winding_woodlands_center_pierced_h,
          nzn_winding_woodlands_5x15_twine], layout_basic,
          mainiacjoe_overflow_alcove_4, grunt_lair_entry_orc_guard_hut,
          serial_demonic, serial_demonic_e, serial_demonic_d, serial_demonic_c,
          serial_demonic_d, grunt_ministairs_8, nicolae_diode_quadrants
Temple:   nicolae_temple_superstar

Skill      XL: |  1  2  3  4  5  6  7  8  9 |
---------------+----------------------------+-----
Fighting       | 3 4 5 7 8 9 |  9.0
Ranged Weapons | 5 6 7 8 9 11 13 | 13.0
Armour         | 3 |  3.8
Invocations    | 3 |  3.2
Dodging        | |  2.1
Stealth        | |  0.7

Action                     |  1- 3 |  4- 6 |  7- 9 || total
---------------------------+-------+-------+-------++-------
  Melee: Short sword       |       |       |    14 ||    14
         Headbutt          |       |       |     5 ||     5
   Fire: Shortbow          |   104 |   178 |   373 ||   655
 Invoke: Ancestor Identity |       |       |     1 ||     1
  Evoke: Wand              |       |       |     3 ||     3
    Use: Scroll            |     4 |     8 |     3 ||    15
         Potion            |       |       |     4 ||     4
 Armour: Leather armour    |    22 |    81 |    25 ||   128
         Steam dragon scal |       |       |   108 ||   108
  Dodge: Dodged            |    32 |    64 |   109 ||   205

Table legend: (Time is in decaauts)
 A = Elapsed time spent in this place.
 B = Non-inter-level travel time spent in this place.
 C = Inter-level travel time spent in this place.
 D = Time resting spent in this place.
 E = Time spent auto-exploring this place.
 F = Levels seen in this place.
 G = Mean time per level.
                   A        B        C        D        E       F      G
               +--------+--------+--------+--------+--------+-----+--------+
         Total |   8306 |   8063 |    243 |   2306 |   4666 |   9 |  922.9 |
       Dungeon |   8269 |   8061 |    208 |   2306 |   4666 |   8 | 1033.6 |
        Temple |     36 |      1 |     35 |      0 |      0 |   1 |   36.0 |
               +--------+--------+--------+--------+--------+-----+--------+

Top non-repeatable levels by time:
     D:7: 1287 daAuts
     D:5: 1259 daAuts
     D:6: 1212 daAuts
     D:1: 1055 daAuts
     D:4: 1006 daAuts
     D:3: 1003 daAuts
     D:2: 809 daAuts
     D:8: 638 daAuts
  Temple: 36 daAuts
